 Dungeon Crawl Stone Soup version 0.27.1-4-g1640c2035a (webtiles) character file.

Game seed: 11491706051520651887

147 Stomo444 the Skirmisher (level 5, -2/55 HPs)
             Began as an Ogre Gladiator on Nov 17, 2021.
             Slain by Grinder (6 damage)
             ... on level 3 of the Dungeon.
             The game lasted 00:04:03 (3491 turns).

Stomo444 the Skirmisher (Ogre Gladiator)            Turns: 3491, Time: 00:04:03

Health: -2/55      AC:  3    Str: 19    XL:     5   Next: 29%
Magic:  5/5        EV: 10    Int:  9    God:
Gold:   154        SH:  0    Dex: 10    Spells: 4/4 levels left

rFire    . . .     SeeInvis .   q - +0 morningstar
rCold    . . .     Faith    .   (no shield)
rNeg     . . .     Spirit   .   b - +0 robe
rPois    +         Reflect  .   c - +0 hat
rElec    .         Harm     .   (no cloak)
rCorr    .         Rampage  .   (gloves unavailable)
Will     .....                  (boots unavailable)
Stlth    +.........             (no amulet)
HPRegen  0.18/turn              j - ring of poison resistance
MPRegen  0.09/turn              (no ring)

@: no status effects
A: large, unfitting armour, tough skin 1
a: no special abilities


You were on level 3 of the Dungeon.
You visited 1 branch of the dungeon, and saw 4 of its levels.

You collected 154 gold pieces.

Inventory:

Hand Weapons
 a - a +0 flail
 q - a +0 morningstar (weapon)
Missiles
 d - 3 throwing nets (quivered)
Armour
 b - a +0 robe (worn)
 c - a +0 hat (worn)
 o - a +1 pair of gloves
Jewellery
 j - a ring of poison resistance (left hand)
Scrolls
 e - 2 scrolls of enchant weapon {unknown}
 f - 4 scrolls of identify {unknown}
 g - 2 scrolls of torment {unknown}
 h - a scroll of summoning {unknown}
 l - 6 scrolls of enchant armour {unknown}
 s - a scroll of noise {unknown}
Potions
 i - a potion of heal wounds
 k - a potion of magic {unknown}
 m - a potion of brilliance {unknown}
 n - a potion of haste {unknown}
 p - a potion of curing
 r - a potion of mutation {unknown}
 t - a potion of cancellation


   Skills:
 + Level 4.5 Fighting
 + Level 3.7 Maces & Flails
 - Level 2.0 Throwing
 + Level 3.7 Dodging


You had 4 spell levels left.
You didn't know any spells.
Your spell library was empty.

Dungeon Overview and Level Annotations

Branches:
Dungeon (4/15)
 Temple: D:4-7

Altars:
Vehumet

Annotations:
D:3 Grinder


Innate Abilities, Weirdness & Mutations

You are too large for most types of armour.
You have tough skin. (AC +1)


Message History

Unknown command.
You closely miss Grinder.
Grinder is moderately wounded.
Grinder barely misses you. Grinder hits you.
You writhe in agony.
* * * LOW HITPOINT WARNING * * *
You barely miss Grinder.
Grinder is moderately wounded.
Grinder hits you.
* * * LOW HITPOINT WARNING * * *
You writhe in agony.
* * * LOW HITPOINT WARNING * * *
You feel much better. Grinder gestures at you.
You resist with significant effort.
You closely miss Grinder.
Grinder is moderately wounded.
Grinder hits you but does no damage.
You closely miss Grinder.
Grinder is moderately wounded.
Grinder barely misses you.
Grinder says, "Wait up."
Grinder hits you.
You puncture Grinder!
Grinder is heavily wounded.
Grinder hits you!
* * * LOW HITPOINT WARNING * * *
You writhe in agony.
* * * LOW HITPOINT WARNING * * *
It was a potion of cancellation.
You feel magically purged.
Grinder blinks!
It was a potion of curing.
You feel better.
Unknown command.
Grinder gestures at you. Pain shoots through your body!
* * * LOW HITPOINT WARNING * * *
You hit Grinder.
Grinder is heavily wounded.
Grinder hits you!
* * * LOW HITPOINT WARNING * * *
You writhe in agony.
You die...

.###.........>##....(.....##...##
..##.........................#..#
...#..........##..............#.#
.#.#...........#.................
.#..........................###..
.####........##............###...
..<#..........#..................
##............####>......#.......
#.#...........5@.†......##......
#.#.<>...................##.....
#.........)...###...............
###............#..##..##........
#............#.####.###.#.....
#...............##......#.....
#.^................###...##...
###.####.##..###...####..###..
#..###.##.##.##..........#..


You could see Grinder.

Vanquished Creatures
  2 hounds
  3 adders (D:3)
  A worm (D:2)
  3 orcs (D:3)
  4 ball pythons
  5 endoplasms
  5 giant cockroaches
  8 goblins
  4 hobgoblins
  A jackal (D:3)
  3 kobolds
  2 quokkas
  3 bats
  4 frilled lizards
  5 rats
53 creatures vanquished.

Notes
Turn   | Place    | Note
-------+----------+-------------------------------------------
     0 | D:1      | Stomo444 the Ogre Gladiator began the quest for the Orb.
     0 | D:1      | Reached XP level 1. HP: 22/22 MP: 1/1
    15 | D:1      | Found a faded altar of an unknown god.
   548 | D:1      | Reached skill level 3 in Fighting
   548 | D:1      | Reached XP level 2. HP: 26/31 MP: 2/2
  1561 | D:2      | Reached XP level 3. HP: 34/37 MP: 3/3
  1635 | D:2      | Found a radiant altar of Vehumet.
  2215 | D:3      | Reached XP level 4. HP: 10/48 MP: 4/4
  2866 | D:3      | Reached skill level 4 in Fighting
  3196 | D:4      | Reached XP level 5. HP: 40/55 MP: 5/5
  3288 | D:4      | Noticed Grinder
  3491 | D:3      | Slain by Grinder

Illustrated notes

Levels and vault maps discovered:
D:1:      amcnicky_arrival_double_pillar, layout_basic,
          hellmonk_ecumenical_altar_crossroads
D:2:      layout_loops_ring, basic_altar, minmay_hedge_maze
D:3:      layout_rooms, minmay_joined_circles
D:4:      layout_rooms, gammafunk_temple_overflow_forgotten, uniq_edmund,
          uniq_pikel, uniq_grinder, uniq_blork_the_orc

Skill      XL: |  1  2  3  4 |
---------------+-------------+-----
Fighting       | 3 4 |  4.5
Maces & Flails | 3 |  3.7
Dodging        | 3 |  3.7
Throwing       | |  2.0

Action                   |  1- 3 |  4- 6 || total
-------------------------+-------+-------++-------
Melee: Flail             |   117 |    24 ||   141
       Morningstar       |       |    55 ||    55
  Use: Potion            |       |     4 ||     4
 Stab: Sleeping          |       |     1 ||     1
Armor: Robe              |    33 |    22 ||    55
Dodge: Dodged            |    70 |    65 ||   135
